3A
HIGHWOOD HAWKS @ LOUISIANA DRAGOONS
06/07/2027
 
TOP OF THE 1ST
Highwood Hawks batting - Pitching for Louisiana Dragoons : RHP Sixto Soto
Pitching: RHP Sixto Soto
Batting: RHB Luis Díaz 0-0: Ball
1-0: Ball
2-0: SINGLE (Line Drive, 89S)
Batting: LHB Jaime Aguilar 0-0: Ball
Throwing error on steal attempt, E2
Luis Díaz to third
1-0: Fly out, F3 (Popup, 3)
Batting: LHB Jeff Simpson 0-0: Swinging Strike
0-1: SINGLE (Groundball, 34D)
Luis Díaz scores
Batting: LHB Ramón Castro 0-0: Ball
1-0: Fly out, F8 (Flyball, 8RM)
Batting: SHB Iikka Karpinen 0-0: Foul Ball, location: 2F
0-1: Ball
1-1: Called Strike
1-2: Fielders Choice at 2nd, U4 (Groundball, 4M)
Top of the 1st over - 1 run(s), 2 hit(s), 1 error(s), 1 left on base; Highwood 1 - Louisiana 0
BOTTOM OF THE 1ST
Louisiana Dragoons batting - Pitching for Highwood Hawks : RHP Stanley Eldrige
Pitching: RHP Stanley Eldrige
Batting: SHB Ángel Costa 0-0: SINGLE (Groundball, 34D)
Batting: RHB José Luque 0-0: Fly out, F2 (Popup, 23)
Batting: RHB Holden Markoff 0-0: Ball
1-0: Foul Ball, location: 2F
1-1: Reached on error, E9 (Flyball, 89M)
Ángel Costa to second
Batting: SHB Ed Blackett 0-0: Ball
1-0: Fielders Choice at 2nd, 4-6 (Groundball, 4)
Ángel Costa to third
Batting: RHB Felipe Palazzola 0-0: Called Strike
0-1: Fielders Choice at 2nd, 6-4 (Groundball, 6)
Bottom of the 1st over - 0 run(s), 1 hit(s), 1 error(s), 1 left on base; Highwood 1 - Louisiana 0
TOP OF THE 2ND
Highwood Hawks batting - Pitching for Louisiana Dragoons : RHP Sixto Soto
Batting: RHB Tevin McTevin 0-0: Ball
1-0: Ball
2-0: Called Strike
2-1: Called Strike
2-2: Foul Ball, location: 2F
2-2: Fly out, F7 (Line Drive, 7)
Batting: RHB Ray Covalt 0-0: Ball
1-0: Fly out, F8 (Flyball, 8LS)
Batting: RHB Lane McCool 0-0: Swinging Strike
0-1: Ball
1-1: Ground out 6-3 (Groundball, 6)
Top of the 2nd over - 0 run(s), 0 hit(s), 0 error(s), 0 left on base; Highwood 1 - Louisiana 0
BOTTOM OF THE 2ND
Louisiana Dragoons batting - Pitching for Highwood Hawks : RHP Stanley Eldrige
Batting: RHB Nelson Muntz 0-0: Ball
1-0: Ground out 5-3 (Groundball, 5L)
Batting: RHB Walt Norrish 0-0: Ball
1-0: Ball
2-0: Called Strike
2-1: Ground out 1-3 (Groundball, 15S)
Batting: RHB Harry Gibson 0-0: Ball
1-0: Foul Ball, location: 2F
1-1: Swinging Strike
1-2: Ball
2-2: Ball
3-2: Fly out, F7 (Flyball, 7)
Bottom of the 2nd over - 0 run(s), 0 hit(s), 0 error(s), 0 left on base; Highwood 1 - Louisiana 0
TOP OF THE 3RD
Highwood Hawks batting - Pitching for Louisiana Dragoons : RHP Sixto Soto
Batting: LHB Carlos Medellín 0-0: Ball
1-0: Ball
2-0: Ball
3-0: Called Strike
3-1: Base on Balls
Batting: RHB Luis Díaz 0-0: Ball
Carlos Medellín steals 2nd base
1-0: SINGLE (Groundball, 6D)
Carlos Medellín to third
Runner from 3rd tries for Home, SAFE, no throw
Batting: LHB Jaime Aguilar 0-0: Called Strike
0-1: Ball
1-1: Ball
2-1: Foul Ball, location: 2F
2-2: Hit by Pitch
Luis Díaz to second
Batting: LHB Jeff Simpson 0-0: Foul Ball, location: 2F
0-1: SINGLE (Flyball, 8RS)
Luis Díaz to third
Jaime Aguilar to second
Batting: LHB Ramón Castro 0-0: Ball
1-0: SINGLE (Groundball, 4D)
Luis Díaz scores
Jaime Aguilar to third
Jeff Simpson to second
Runner from 3rd tries for Home, SAFE, throw made home
Batting: SHB Iikka Karpinen 0-0: Foul Ball, location: 2F
0-1: Foul Ball, location: 2F
0-2: Fly out, F9 (Flyball, 9LSF)
Batting: RHB Tevin McTevin 0-0: Fielders Choice at 2nd, 4-6 (Groundball, 4)
Jeff Simpson to third
Batting: RHB Ray Covalt 0-0: Ball
1-0: Fly out, F8 (Flyball, 8LM)
Top of the 3rd over - 3 run(s), 3 hit(s), 0 error(s), 2 left on base; Highwood 4 - Louisiana 0
BOTTOM OF THE 3RD
Louisiana Dragoons batting - Pitching for Highwood Hawks : RHP Stanley Eldrige
Batting: RHB Giuseppe Provolone 0-0: Called Strike
0-1: Ball
1-1: Swinging Strike
1-2: Foul Ball, location: 2F
1-2: Ball
2-2: Strikes out swinging
Batting: SHB Ángel Costa 0-0: Called Strike
0-1: Foul Ball, location: 2F
0-2: Ball
1-2: Ball
2-2: Ball
3-2: Fly out, F9 (Line Drive, 9)
Batting: RHB José Luque 0-0: Swinging Strike
0-1: Foul Ball, location: 2F
0-2: Ball
1-2: Foul Ball, location: 2F
1-2: Ball
2-2: Ball
3-2: Strikes out looking
Bottom of the 3rd over - 0 run(s), 0 hit(s), 0 error(s), 0 left on base; Highwood 4 - Louisiana 0
TOP OF THE 4TH
Highwood Hawks batting - Pitching for Louisiana Dragoons : RHP Sixto Soto
Batting: RHB Lane McCool 0-0: Ball
1-0: Fly out, F5 (Line Drive, 5)
Batting: LHB Carlos Medellín 0-0: Ball
1-0: Foul Ball, location: 2F
1-1: Ball
2-1: Swinging Strike
2-2: Foul Ball, location: 2F
2-2: Ball
3-2: Foul Ball, location: 2F
3-2: SINGLE (Groundball, 34D)
Batting: RHB Luis Díaz 0-0: Called Strike
Carlos Medellín steals 2nd base
0-1: Ball
1-1: SINGLE (Line Drive, 8LS)
Carlos Medellín to third
Runner from 3rd tries for Home, SAFE, no throw
Batting: LHB Jaime Aguilar 0-0: Ball
1-0: Ball
2-0: Foul Ball, location: 2F
2-1: Ball
Luis Díaz steals 2nd base
3-1: Called Strike
3-2: Strikes out swinging
Batting: LHB Jeff Simpson 0-0: Ball
1-0: Foul Ball, location: 2F
1-1: Fly out, F7 (Flyball, 78S)
Top of the 4th over - 1 run(s), 2 hit(s), 0 error(s), 1 left on base; Highwood 5 - Louisiana 0
BOTTOM OF THE 4TH
Louisiana Dragoons batting - Pitching for Highwood Hawks : RHP Stanley Eldrige
Batting: RHB Holden Markoff 0-0: Swinging Strike
0-1: Foul Ball, location: 2F
0-2: Ball
1-2: Strikes out looking
Batting: SHB Ed Blackett 0-0: Called Strike
0-1: Ball
1-1: Called Strike
1-2: DOUBLE (Line Drive, 9LS)
Batting: RHB Felipe Palazzola 0-0: Called Strike
0-1: Ball
1-1: Swinging Strike
1-2: Ball
2-2: Foul Ball, location: 2F
2-2: Strikes out swinging
Batting: RHB Nelson Muntz 0-0: Ball
1-0: Called Strike
1-1: Ball
2-1: Called Strike
2-2: Ground out 4-3 (Groundball, 4)
Bottom of the 4th over - 0 run(s), 1 hit(s), 0 error(s), 1 left on base; Highwood 5 - Louisiana 0
TOP OF THE 5TH
Highwood Hawks batting - Pitching for Louisiana Dragoons : RHP Sixto Soto
Batting: LHB Ramón Castro 0-0: Ball
1-0: Called Strike
1-1: Foul Ball, location: 2F
1-2: Foul Ball, location: 2F
1-2: Ball
2-2: Ground out 4-3 (Groundball, 34)
Batting: SHB Iikka Karpinen 0-0: Called Strike
0-1: Called Strike
0-2: Strikes out swinging
Batting: RHB Tevin McTevin 0-0: Ground out 6-3 (Groundball, 6)
Top of the 5th over - 0 run(s), 0 hit(s), 0 error(s), 0 left on base; Highwood 5 - Louisiana 0
BOTTOM OF THE 5TH
Louisiana Dragoons batting - Pitching for Highwood Hawks : RHP Stanley Eldrige
Batting: RHB Walt Norrish 0-0: Swinging Strike
0-1: Ball
1-1: Ball
2-1: Ball
3-1: Foul Ball, location: 2F
3-2: Foul Ball, location: 2F
3-2: Base on Balls
Batting: RHB Harry Gibson 0-0: Ball
Walt Norrish steals 2nd base
1-0: Ground out 5-3 (Groundball, 5)
Batting: RHB Giuseppe Provolone 0-0: Ball
1-0: Swinging Strike
1-1: Ball
2-1: Ball
3-1: Foul Ball, location: 2F
3-2: Strikes out swinging
Batting: SHB Ángel Costa 0-0: Called Strike
0-1: Ball
1-1: Ball
2-1: Ground out 4-3 (Groundball, 4S)
Bottom of the 5th over - 0 run(s), 0 hit(s), 0 error(s), 1 left on base; Highwood 5 - Louisiana 0
TOP OF THE 6TH
Highwood Hawks batting - Pitching for Louisiana Dragoons : RHP Sixto Soto
Pitching: LHP Javier Browne
Batting: RHB Ray Covalt 0-0: Called Strike
0-1: Ball
1-1: SINGLE (Groundball, 56D)
Batting: RHB Lane McCool 0-0: Ball
1-0: Ball
2-0: Ball
3-0: Base on Balls
Ray Covalt to second
Batting: LHB Carlos Medellín 0-0: Bunt missed!
0-1: Bunted foul
0-2: Foul Ball, location: 2F
0-2: Foul Ball, location: 2F
0-2: Ground out 4-3 (Groundball, 4S)
Ray Covalt to third
Lane McCool to second
Batting: RHB Luis Díaz 0-0: Intentional Walk
Batting: LHB Jaime Aguilar 0-0: Called Strike
0-1: Called Strike
0-2: Strikes out looking
Pitching: RHP Dave Hemphill
Batting: LHB Jeff Simpson 0-0: Ball
1-0: Called Strike
1-1: Fly out, F8 (Flyball, 8RS)
Top of the 6th over - 0 run(s), 1 hit(s), 0 error(s), 3 left on base; Highwood 5 - Louisiana 0
BOTTOM OF THE 6TH
Louisiana Dragoons batting - Pitching for Highwood Hawks : RHP Stanley Eldrige
Batting: RHB José Luque 0-0: Foul Ball, location: 2F
0-1: Called Strike
0-2: Ball
1-2: Ball
2-2: Ball
3-2: Strikes out looking
Batting: RHB Holden Markoff 0-0: Called Strike
0-1: Swinging Strike
0-2: Strikes out swinging
Batting: SHB Ed Blackett 0-0: Ball
1-0: Foul Ball, location: 2F
1-1: Ground out 4-3 (Groundball, 34)
Bottom of the 6th over - 0 run(s), 0 hit(s), 0 error(s), 0 left on base; Highwood 5 - Louisiana 0
TOP OF THE 7TH
Highwood Hawks batting - Pitching for Louisiana Dragoons : RHP Dave Hemphill
Batting: LHB Ramón Castro 0-0: Ball
1-0: Ball
2-0: Fly out, F8 (Flyball, 8LM)
Batting: SHB Iikka Karpinen 0-0: Ball
1-0: Foul Ball, location: 2F
1-1: Ball
2-1: Called Strike
2-2: Strikes out swinging
Batting: RHB Tevin McTevin 0-0: Called Strike
0-1: Ball
1-1: Ball
2-1: Ground out 4-3 (Groundball, 4)
Top of the 7th over - 0 run(s), 0 hit(s), 0 error(s), 0 left on base; Highwood 5 - Louisiana 0
BOTTOM OF THE 7TH
Louisiana Dragoons batting - Pitching for Highwood Hawks : RHP Stanley Eldrige
Batting: RHB Felipe Palazzola 0-0: Foul Ball, location: 2F
0-1: Ball
1-1: Ball
2-1: SINGLE (Line Drive, 6MD)
Batting: RHB Nelson Muntz 0-0: Called Strike
Felipe Palazzola is caught stealing 2nd base
0-1: Ground out 5-3 (Groundball, 5)
Batting: RHB Walt Norrish 0-0: Called Strike
0-1: Ball
1-1: Ground out 5-3 (Groundball, 56)
Bottom of the 7th over - 0 run(s), 1 hit(s), 0 error(s), 0 left on base; Highwood 5 - Louisiana 0
TOP OF THE 8TH
Highwood Hawks batting - Pitching for Louisiana Dragoons : RHP Dave Hemphill
Batting: RHB Ray Covalt 0-0: Fly out, F9 (Flyball, 9LS)
Batting: RHB Lane McCool 0-0: SINGLE (Groundball, 56D)
Batting: LHB Carlos Medellín 0-0: Called Strike
Pickoff Throw by Catcher to First - Out!
0-1: Ball
1-1: Called Strike
1-2: Ball
2-2: Foul Ball, location: 2F
2-2: Ball
3-2: Foul Ball, location: 2F
3-2: Foul Ball, location: 2F
3-2: Strikes out swinging
Top of the 8th over - 0 run(s), 1 hit(s), 0 error(s), 0 left on base; Highwood 5 - Louisiana 0
BOTTOM OF THE 8TH
Louisiana Dragoons batting - Pitching for Highwood Hawks : RHP Stanley Eldrige
Batting: RHB Harry Gibson 0-0: Ball
1-0: SINGLE (Line Drive, 56D)
Batting: RHB Giuseppe Provolone 0-0: Foul Ball, location: 2F
0-1: Ball
1-1: Called Strike
1-2: Fly out, F7 (Flyball, 78M)
Batting: SHB Ángel Costa 0-0: SINGLE (Groundball, 4MD)
Harry Gibson to second
Batting: RHB José Luque 0-0: Fly out, F8 (Flyball, 8RD)
Runner from 2nd tags up, SAFE at 3rd, no throw
Batting: RHB Holden Markoff 0-0: Called Strike
0-1: Ball
1-1: Ball
2-1: Fielders Choice at 2nd, 6-4 (Groundball, 6)
Bottom of the 8th over - 0 run(s), 2 hit(s), 0 error(s), 1 left on base; Highwood 5 - Louisiana 0
TOP OF THE 9TH
Highwood Hawks batting - Pitching for Louisiana Dragoons : RHP Dave Hemphill
Pitching: RHP Lou Erwin
Batting: RHB Luis Díaz 0-0: SINGLE (Line Drive, 4MD)
Batting: LHB Jaime Aguilar 0-0: Foul Ball, location: 2F
0-1: Ball
1-1: Fly out, F8 (Flyball, 8LM)
Batting: LHB Jeff Simpson 0-0: Called Strike
Luis Díaz is caught stealing 2nd base
0-1: Called Strike
0-2: Strikes out swinging
Top of the 9th over - 0 run(s), 1 hit(s), 0 error(s), 0 left on base; Highwood 5 - Louisiana 0
BOTTOM OF THE 9TH
Louisiana Dragoons batting - Pitching for Highwood Hawks : RHP Stanley Eldrige
Pitching: RHP Artie Best
Now at 1B: Ricardo Rivera
Batting: SHB Ed Blackett 0-0: Fly out, F3 (Line Drive, 34)
Batting: RHB Felipe Palazzola 0-0: Ball
1-0: Called Strike
1-1: Ball
2-1: Ball
3-1: Base on Balls
Batting: RHB Nelson Muntz 0-0: Ball
1-0: Called Strike
1-1: Called Strike
1-2: Strikes out swinging
Batting: RHB Walt Norrish 0-0: Called Strike
0-1: Ball
1-1: Foul Ball, location: 2F
1-2: Ball
2-2: Strikes out looking
Bottom of the 9th over - 0 run(s), 0 hit(s), 0 error(s), 1 left on base; Highwood 5 - Louisiana 0
Saturday, May 26th, 2018 - OOTP Baseball 17.12 Build 75